 Dungeon Crawl Stone Soup version 0.32-a0-913-g739538afd8 (webtiles) character file.

Game seed: 15820762478924644554

1813 Necrophagist the Chopper (level 8, 0/73 HPs)
             Began as a Mountain Dwarf Fighter on Apr 8, 2024.
             Was a Believer of Okawaru.
             Slain by a vampire (4 damage)
             ... on level 7 of the Dungeon.
             The game lasted 00:08:01 (6670 turns).

Necrophagist the Chopper (Mountain Dwarf Fighter)   Turns: 6670, Time: 00:08:02

Health: 0/73       AC: 17    Str: 20    XL:     8   Next: 84%
Magic:  0/8        EV:  4    Int: 10    God:    Okawaru [**....]
Gold:   342        SH:  9    Dex:  9    Spells: 7/7 levels left

rFire   + + .        C - +0 hand axe (flame)
rCold   + . .        v - +0 kite shield
rNeg    . . .        D - +0 plate armour
rPois   .            (no helmet)
rElec   .            y - scarf {rC+ rF+}
rCorr   .            o - +0 pair of gloves
SInv    .            u - +2 pair of boots {Stlth+}
Will    .....        r - amulet of guardian spirit Stlth
                     m - ring of protection from fire
HPRegen 0.32/turn    (no ring)
MPRegen 0.11/turn

%: guardian spirit
@: mighty
A: runic magic, artefact enchanting
a: Renounce Religion, Heroism


You were on level 7 of the Dungeon.
You worshipped Okawaru.
Okawaru was pleased with you.
You visited 2 branches of the dungeon, and saw 8 of its levels.

You collected 342 gold pieces.

Inventory:

Hand Weapons
 C - a +0 hand axe of flaming (weapon)
Missiles
 b - 3 throwing nets (quivered)
Armour
 o - a +0 pair of gloves (worn)
 u - a +2 pair of boots of stealth (worn)
 v - a +0 kite shield (worn)
 w - a scarf of repulsion
 y - a scarf of resistance (worn)
 D - a +0 plate armour (worn)
Jewellery
 m - a ring of protection from fire (left hand)
 r - an amulet of guardian spirit (around neck)
Scrolls
 c - 2 scrolls of butterflies {unknown}
 e - 4 scrolls of identify
 g - 2 scrolls of blinking
 h - 2 scrolls of enchant armour {unknown}
 k - 4 scrolls of teleportation {unknown}
 l - 3 scrolls of fear {unknown}
 p - a scroll of immolation {unknown}
 A - a scroll of fog {unknown}
Potions
 f - a potion of heal wounds {unknown}
 i - a potion of curing
 q - a potion of berserk rage {unknown}
 s - a potion of degeneration {unknown}
 t - 3 potions of mutation {unknown}
 x - a potion of lignification {unknown}
 z - a potion of cancellation {unknown}
 B - a potion of haste {unknown}


   Skills:
 + Level 7.1 Fighting
 + Level 7.2 Axes
 + Level 7.1 Armour
 + Level 7.1 Shields


You had 7 spell levels left.
You didn't know any spells.
Your spell library contained the following spells:

 Spells                   Type           Power      Damage    Failure   Level
 Shock                    Conj/Air       0%         1d3       86%         1
 Slow                     Hex            0%         N/A       86%         1
 Lesser Beckoning         Tloc           0%         N/A       95%         2
 Confusing Touch          Hex            0%         N/A       99%         3
 Dazzling Flash           Conj/Hex       0%         N/A       99%         3
 Frozen Ramparts          Ice            0%         1d1       99%         3
 Maxwell's Portable Pile  Tloc           0%         2d(5-13)  99%         3
 Ozocubu's Armour         Ice            0%         N/A       99%         3
 Swiftness                Air            0%         N/A       99%         3
 Teleport Other           Tloc           0%         N/A       99%         3
 Vampiric Draining        Necr           0%         2d6       99%         3
 Airstrike                Air            0%         2d(0-16)  100%        4
 Leda's Liquefaction      Alch/Erth      0%         N/A       100%        4
 Lee's Rapid Deconstruct  Erth           0%         3d4*      100%        5
 Metabolic Englaciation   Hex/Ice        0%         N/A       100%        5
 Permafrost Eruption      Ice/Erth       0%         2x4d1     100%        6
 Starburst                Conj/Fire      0%         6d3       100%        6
 Maxwell's Capacitive Co  Air            0%         ∞         100%        8


Dungeon Overview and Level Annotations

Branches:
Dungeon (7/15)             Temple (1/1) D:4

Altars:
Ashenzari
Cheibriados
Dithmenos
Elyvilon
Gozag
Hepliaklqana
Kikubaaqudgha
Makhleb
Nemelex Xobeh
Okawaru
Ru
Sif Muna
Trog
Uskayaw
Vehumet
Wu Jian
Xom
Zin
The Shining One

Annotations:
D:3 1 runed translucent door, WhiterunGuard03's ghost, amateur MfSh


Innate Abilities, Weirdness & Mutations

Your spellcasting is much less encumbered by armour.
You can use scrolls of enchantment on lesser artefacts.


Message History

The vampire gestures wildly while chanting.
The vampire flickers and vanishes!
Deactivating autopickup; reactivate with Ctrl-A.
You miss something. Something draws life force from you!
You barely miss something. Something hits you.
Something bites you but does no damage. Something draws life force from you!
You're too confused to move!
You feel less confused. Something hits you but does no damage.
Something bites you but does no damage.
Okay, then.
You barely miss something. Something draws life force from you!
You barely miss something. Something hits you but does no damage.
Something bites you.
Something draws strength from your injuries!
You feel better. Something hits you but does no damage.
Something bites you but does no damage.
You closely miss something. Something hits you. Something bites you.
Something draws strength from your injuries!
You closely miss something. Something hits you!
* * * LOW HITPOINT WARNING * * *
Something bites you!
* * * LOW HITPOINT WARNING * * *
Something draws strength from your injuries!
You closely miss something. Something hits you but does no damage.
Something bites you but does no damage.
You slash something! You burn something. Something hits you but does no damage.
Something bites you!
* * * LOW HITPOINT WARNING * * *
Something draws strength from your injuries!
You barely miss something. Something hits you.
* * * LOW HITPOINT WARNING * * *
You block something's attack.
You completely miss something. Something hits you but does no damage.
Something bites you.
* * * LOW HITPOINT WARNING * * *
Something draws strength from your injuries!
You slash something! You burn something. Something hits you but does no damage.
Something bites you.
You die...

. ..# . #....# .......
#....##### ..)....
#.....<.##### .......
##.####.....# .......
#..........#
........###.##.......#
....)...>.@..........#
.......###.###.......#
.......y.............#
####.#####.###.......#
#.# #.......# #.#
#.......# #.#
#.......# #.#
#..###### #.# #..#


There were no monsters in sight!

Vanquished Creatures
  A hornet (D:7)
  Grinder (D:4)
  An orc warrior (D:6)
  A sky beast (D:6)
  A black bear (D:6)
  2 ogres (D:6)
  A bullfrog (D:6)
  A gnoll sergeant (D:6)
  A scorpion (D:5)
  A bombardier beetle (D:5)
  A gnoll bouda (D:5)
  5 hounds
  A jelly (D:6)
  2 orc priests
  4 iguanas
  A sleepcap (D:5)
  An orc wizard (D:5)
  12 adders
  11 gnolls
  A white imp (D:6)
  4 ufetubi
  2 dart slugs (D:3)
  A ribbon worm (D:2)
  12 orcs
  4 ball pythons
  7 endoplasms
  3 giant cockroaches
  5 goblins
  5 hobgoblins
  7 jackals
  4 quokkas
  5 bats
  2 frilled lizards (D:3)
  2 kobolds
  4 rats
117 creatures vanquished.

Notes
Turn   | Place    | Note
-------+----------+-------------------------------------------
     0 | D:1      | Necrophagist the Mountain Dwarf Fighter began the quest for
                  | the Orb.
     0 | D:1      | Reached XP level 1. HP: 19/19 MP: 1/1
   131 | D:1      | Reached XP level 2. HP: 4/26 MP: 2/2
   853 | D:2      | Reached XP level 3. HP: 33/33 MP: 3/3
  1461 | D:3      | Reached XP level 4. HP: 5/40 MP: 4/4
  2038 | D:3      | Found a runed translucent door.
  2039 | D:3      | Noticed WhiterunGuard03's ghost (amateur MfSh)
  2771 | D:4      | Reached XP level 5. HP: 44/46 MP: 3/5
  2806 | D:4      | Noticed Grinder
  2811 | D:4      | Paralysed by Grinder for 5 turns
  2819 | D:4      | Paralysed by Grinder for 5 turns
  2829 | D:4      | Paralysed by Grinder for 5 turns
  2845 | D:4      | Paralysed by Grinder for 5 turns
  2853 | D:4      | Killed Grinder
  2854 | D:4      | Reached XP level 6. HP: 14/55 MP: 1/6
  3083 | D:4      | Reached skill level 5 in Armour
  3083 | D:4      | Reached skill level 5 in Shields
  3242 | D:4      | Reached skill level 5 in Fighting
  3352 | D:4      | Found an ancient bone altar of Kikubaaqudgha.
  3355 | D:4      | Found a sparkling altar of Nemelex Xobeh.
  3702 | D:4      | You fall into a shaft and drop 2 floors!
  3727 | D:6      | Reached skill level 5 in Axes
  3727 | D:6      | Reached XP level 7. HP: 34/61 MP: 3/7
  3934 | D:5      | Entered Level 5 of the Dungeon
  3992 | D:5      | Found an opulent altar of Gozag.
  4496 | D:4      | Found a staircase to the Ecumenical Temple.
  4506 | Temple   | Entered the Ecumenical Temple
  4520 | Temple   | Became a worshipper of Warmaster Okawaru
  5694 | D:6      | Reached XP level 8. HP: 70/70 MP: 8/8
  5777 | D:6      | Reached * piety under Okawaru
  6638 | D:7      | Noticed a hornet
  6653 | D:7      | Killed a hornet
  6653 | D:7      | Reached ** piety under Okawaru
  6669 | D:7      | HP: 3/73 [something (4)]
  6670 | D:7      | Slain by a vampire

Illustrated notes

Levels and vault maps discovered:
D:1:      scummos_arrival_simple_fountains, layout_basic, minmay_tetromino_t4
D:2:      layout_basic
D:3:      layout_loops_ring, gammafunk_ghost_grave
D:4:      layout_loops_corners, gammafunk_temple_overflow_statue,
          lemuel_temple_firewalk_a, hangedman_decor_opposing, uniq_grinder
D:5:      layout_cave_pods, amcnicky_altar_gilded, minmay_misc_feat_pillars,
          nicolae_eternal_life
D:6:      layout_rooms
D:7:      minmay_recursive_quarters, layout_rooms, mainiacjoe_overflow_brackets,
          worms_lemuel
Temple:   nicolae_temple_slightly_damp_pantheon

Skill      XL: |  1  2  3  4  5  6  7  8 |
---------------+-------------------------+-----
Axes           | 3 4 5 6 7 |  7.2
Fighting       | 4 5 6 7 |  7.1
Armour         | 4 5 6 7 |  7.1
Shields        | 4 5 6 7 |  7.1

Action                     |  1- 3 |  4- 6 |  7- 9 || total
---------------------------+-------+-------+-------++-------
  Melee: War axe           |   126 |   141 |    81 ||   348
         Hand axe          |       |       |   224 ||   224
    Use: Potion            |       |     1 |     3 ||     4
         Scroll            |       |     1 |       ||     1
 Armour: Scale mail        |    55 |       |       ||    55
         Chain mail        |    47 |   115 |   219 ||   381
         Plate armour      |       |       |    43 ||    43
  Dodge: Dodged            |    62 |    61 |    74 ||   197
         Repelled          |       |       |     1 ||     1
  Block: Buckler           |    35 |    29 |       ||    64
         Kite shield       |       |    10 |   151 ||   161

Table legend: (Time is in decaauts)
 A = Elapsed time spent in this place.
 B = Non-inter-level travel time spent in this place.
 C = Inter-level travel time spent in this place.
 D = Time resting spent in this place.
 E = Time spent auto-exploring this place.
 F = Levels seen in this place.
 G = Mean time per level.
                   A        B        C        D        E       F      G
               +--------+--------+--------+--------+--------+-----+--------+
         Total |   6820 |   6280 |    540 |      0 |   5038 |   8 |  852.5 |
       Dungeon |   6792 |   6278 |    514 |      0 |   5038 |   7 |  970.3 |
        Temple |     28 |      2 |     26 |      0 |      0 |   1 |   28.0 |
               +--------+--------+--------+--------+--------+-----+--------+

Top non-repeatable levels by time:
     D:4: 1534 daAuts
     D:3: 1371 daAuts
     D:6: 1269 daAuts
     D:5: 1195 daAuts
     D:1: 819 daAuts
     D:2: 555 daAuts
     D:7: 46 daAuts
  Temple: 28 daAuts
